AoeStats
← Governor1234

Black Forest

510431626Analyzed
2v2 RM · 1d ago on Oct 1, 2026· 67m 13s· 4 players
Game mode
Random Map
Map size
Medium (4 player)
Population
200
Speed
Normal
Resources
Standard
Victory
Conquest
Starting age
Dark Age
Ending age
Imperial Age
RankedLock teamsTeams togetherTeam positionsShared explorationLock speedFull tech treeHidden civsTurbo modeCheats
Victory
Defeat
🇪🇸 Italians · Spain
811
+14
🇪🇸 Britons · Spain
739
+17
🇪🇨 Spanish · Ecuador
773
-16
🇨🇳 Vikings · China
763
-36
Governor1234
11:48 Feudal Age
12:19 Double-Bit Axe
12:17 Horse Collar
19:17 Forging
21:25 Castle Age
20:45 Scale Mail Armor
22:17 Loom
23:15 Bow Saw
23:37 Gold Mining
23:28 Man-at-Arms
25:05 Squires
26:02 Heavy Plow
27:03 Stone Mining
28:21 Gold Shaft Mining
28:49 Chain Mail Armor
33:10 Imperial Age
30:28 Loom
32:05 Forging
31:47 Fletching
32:02 Padded Archer Armor
31:55 Treadmill Crane
32:33 Masonry
34:01 Iron Casting
34:56 Long Swordsman
37:01 Plate Mail Armor
37:02 Chieftains
37:09 Town Watch
38:16 Two-Handed Swordsman
38:20 Crossbowman
40:31 Elite Berserk
40:48 Elite Skirmisher
47:03 Blast Furnace
45:59 Bodkin Arrow
46:37 Ballistics
47:19 Chemistry
46:13 Arson
47:41 Bogsveigar
48:40 Hoardings
47:40 Capped Ram
51:53 Bracer
52:07 Siege Engineers
51:28 Heavy Scorpion
57:01 Siege Ram
LA COSA DEL PANTANO
6:52 Loom
10:10 Feudal Age
10:42 Double-Bit Axe
11:33 Horse Collar
15:42 Wheelbarrow
15:49 Wheelbarrow
20:19 Castle Age
20:15 Scale Barding Armor
20:27 Forging
20:12 Gold Mining
22:08 Heavy Plow
22:50 Town Watch
23:20 Hand Cart
27:43 Town Patrol
27:39 Stone Mining
32:37 Imperial Age
30:12 Herbal Medicine
31:16 Ballistics
33:20 Stone Shaft Mining
33:03 Murder Holes
33:28 Fervor
35:20 Chain Barding Armor
36:00 Illumination
35:45 Caravan
36:17 Coinage
36:05 Guilds
36:44 Conscription
37:09 Bow Saw
38:13 Stone Shaft Mining
38:38 Banking
39:17 Two-Man Saw
40:12 Chemistry
39:33 Block Printing
39:57 Theocracy
42:29 Masonry
42:07 Elite Conquistador
44:05 Husbandry
44:15 Bloodlines
43:50 Light Cavalry
45:31 Hoardings
45:24 Capped Ram
45:31 Hussar
46:59 Iron Casting
52:23 Elite Skirmisher
cabama
14:18 Feudal Age
18:18 Castle Age
16:15 Double-Bit Axe
16:14 Horse Collar
16:44 Stone Mining
20:28 Heavy Plow
20:42 Bow Saw
27:05 Ballistics
27:37 Wheelbarrow
27:41 Fletching
30:18 Bodkin Arrow
31:01 Yeomen
31:11 Gold Mining
32:15 Caravan
33:28 Gold Shaft Mining
35:51 Imperial Age
34:15 Hand Cart
35:03 Padded Archer Armor
37:35 Chemistry
36:20 Elite Longbowman
37:22 Conscription
37:00 Cavalier
40:45 Two-Man Saw
41:31 Husbandry
40:52 Light Cavalry
41:40 Scale Barding Armor
53:28 Warwolf
61:17 Bracer
61:34 Leather Archer Armor
63:34 Ring Archer Armor
mvaamondem
0:41 Loom
16:08 Feudal Age
17:20 Double-Bit Axe
18:15 Horse Collar
25:25 Castle Age
24:57 Fishing Lines
26:18 Heavy Plow
29:41 Wheelbarrow
30:26 Bow Saw
30:09 Town Watch
30:18 Gillnets
32:58 Gold Mining
32:59 Stone Mining
33:32 Ballistics
33:21 Thumb Ring
38:15 Imperial Age
35:45 Fletching
35:56 Padded Archer Armor
38:14 Hand Cart
37:56 Bodkin Arrow
38:17 Leather Archer Armor
38:17 Masonry
39:21 Conscription
40:04 Chemistry
39:12 Bracer
41:44 Architecture
41:51 Ring Archer Armor
40:45 Elite Genoese Crossbowman
41:53 Caravan
43:10 Silk Road
43:47 Stone Shaft Mining
43:37 Guilds
44:30 Treadmill Crane
44:46 Murder Holes
45:04 Fortified Wall
45:46 Hoardings
45:20 Capped Ram
46:54 Crop Rotation
53:00 Town Patrol
54:03 Two-Man Saw
56:57 Bombard Tower
56:23 Arrowslits
Connection lost

Rejoining the realm…

Still unreachable

The connection could not be restored.

Session expired

The server has moved on; the page needs a fresh start.